[Event "26th Troya Open 2018"]
[Site "Canakkale"]
[Date "2018.08.05"]
[Round "2.17"]
[White "Sar, Can"]
[Black "Mirza, Efe"]
[Result "1-0"]
[ECO "B78"]
[WhiteElo "1786"]
[BlackElo "1331"]
[Annotator "NA"]
[PlyCount "53"]
[EventDate "2018.08.06"]
[EventType "swiss"]
[EventCountry "TUR"]
[SourceTitle "playchess.com"]
[Source "ChessBase"]
[SourceQuality "1"]
[TimeControl "5400+30"]

1. e4 c5 2. Nf3 d6 3. d4 cxd4 4. Nxd4 Nf6 5. Nc3 g6 6. Be3 Bg7 7. Bc4 O-O 8. Bb3 Nc6 9. f3 Bd7 10. Qd2 a6 11. O-O-O b5 12. h4 h5 13. g4 hxg4 14. h5 Nxd4 15. Bxd4 Nxh5 16. Bxg7 Kxg7 17. Rxh5 Rh8 18. Rxh8 Qxh8 19. Qd4+ f6 20. Nd5 Qd8 21. fxg4 Bxg4 22. Rg1 Bd7 23. Nf4 Qe8 24. Rxg6+ Qxg6 25. Nxg6 Kxg6 26. Qg1+ Kh7 27. Bf7 1-0

[Event "26th Troya Open 2018"]
[Site "Canakkale"]
[Date "2018.08.05"]
[Round "2.18"]
[White "Boz, Omer Ege"]
[Black "Ileri, Oktay"]
[Result "0-1"]
[ECO "B22"]
[WhiteElo "1390"]
[BlackElo "1697"]
[Annotator "NA RC"]
[PlyCount "76"]
[EventDate "2018.08.06"]
[EventType "swiss"]
[EventCountry "TUR"]
[SourceTitle "playchess.com"]
[Source "ChessBase"]
[SourceQuality "1"]
[TimeControl "5400+30"]

1. e4 c5 2. c3 d5 3. exd5 Qxd5 4. d4 Nc6 5. Na3 cxd4 6. Nb5 Qd8 7. Nxd4 Nxd4 8. Qxd4 Qxd4 9. cxd4 Nf6 10. Nf3 e6 11. Bd3 Bd6 12. Bd2 O-O 13. O-O b6 14. Ng5 Bb7 15. Rfe1 Rac8 16. Ne4 Nxe4 17. Bxe4 Bxe4 18. Rxe4 Rc2 19. Bc3 Ba3 20. Rb1 Rc8 21. Re3 Bxb2 22. Rxb2 R8xc3 23. Rxc3 Rxc3 24. g3 Kf8 25. Rd2 Ke7 26. Kf1 Kd6 27. Ke2 Kd5 28. f3 b5 29. h3 b4 30. h4 f5 31. Kf2 a5 32. Ke2 a4 33. Rb2 b3 34. axb3 axb3 35. Rd2 Rc2 36. Rxc2 bxc2 37. Kd2 Kxd4 38. Kxc2 Ke5 0-1

[Event "26th Troya Open 2018"]
[Site "Canakkale"]
[Date "2018.08.05"]
[Round "2.19"]
[White "Uysal, Ugur"]
[Black "Savas, Cihan"]
[Result "1-0"]
[ECO "E65"]
[WhiteElo "1689"]
[BlackElo "1557"]
[Annotator "NA RC"]
[PlyCount "81"]
[EventDate "2018.08.06"]
[EventType "swiss"]
[EventCountry "TUR"]
[SourceTitle "playchess.com"]
[Source "ChessBase"]
[SourceQuality "1"]
[TimeControl "5400+30"]

1. Nf3 Nf6 2. d4 g6 3. c4 Bg7 4. g3 O-O 5. Bg2 d6 6. O-O Nbd7 7. Nc3 c5 8. e4 cxd4 9. Nxd4 a6 10. Re1 Re8 11. h3 Qc7 12. b3 Rb8 13. Bb2 Ne5 14. Rc1 Nc6 15. Nd5 Qd8 16. Nxc6 bxc6 17. Nxf6+ exf6 18. Qd2 Qc7 19. Rcd1 Rd8 20. Bc3 Qe7 21. Ba5 Rd7 22. h4 Bf8 23. Bc3 c5 24. Qf4 Bg7 25. Bh3 Rd8 26. Bxc8 Rbxc8 27. Rd5 h6 28. Red1 Rc6 29. R1d3 g5 30. Qf5 Qe6 31. Rf3 Re8 32. Bxf6 gxh4 33. Bxh4 Qxe4 34. Qxf7+ Kh8 35. Bf6 Qb1+ 36. Kg2 Rg8 37. Bxg7+ Rxg7 38. Qe8+ Kh7 39. Qxc6 Qe4 40. Rxd6 Qe5 41. Rxh6+ 1-0

[Event "26th Troya Open 2018"]
[Site "Canakkale"]
[Date "2018.08.05"]
[Round "2.21"]
[White "Gurses, Ayberk"]
[Black "Akkas, Doruk"]
[Result "1-0"]
[ECO "B31"]
[WhiteElo "1660"]
[BlackElo "1340"]
[Annotator "NA RC"]
[PlyCount "103"]
[EventDate "2018.08.06"]
[EventType "swiss"]
[EventCountry "TUR"]
[SourceTitle "playchess.com"]
[Source "ChessBase"]
[SourceQuality "1"]
[TimeControl "5400+30"]

1. e4 c5 2. Nf3 Nc6 3. Bb5 g6 4. O-O Bg7 5. c3 Nf6 6. Re1 a6 7. Ba4 O-O 8. d3 b5 9. Bc2 d6 10. Nbd2 Be6 11. Nf1 Qc7 12. h3 Rad8 13. Bf4 Qb6 14. Ng3 h6 15. Qd2 Kh7 16. d4 cxd4 17. cxd4 Bc8 18. Rac1 Nd7 19. Be3 Qa5 20. Qd3 Nb4 21. Qc3 Nb8 22. Bd2 N8c6 23. a3 Nxc2 24. Qxc6 Nxd4 25. Bxa5 Nxc6 26. Bxd8 Bxb2 27. Rxc6 Rxd8 28. Re3 Bf6 29. Ne2 a5 30. Nfd4 Bd7 31. Rc7 Be8 32. Nc6 Bxc6 33. Rxc6 Rb8 34. Rb3 Kg7 35. Nc3 Bxc3 36. Rcxc3 Kf8 37. f3 Ke8 38. Rc7 Kd8 39. Ra7 a4 40. Rxa4 Rc8 41. Ra7 Rb8 42. a4 b4 43. a5 f6 44. a6 h5 45. Rb7 Ra8 46. a7 Rxa7 47. Rxa7 e6 48. Rxb4 Kc8 49. Rbb7 e5 50. Rh7 Kb8 51. Rag7 Kc8 52. Rh8# 1-0

[Event "26th Troya Open 2018"]
[Site "Canakkale"]
[Date "2018.08.05"]
[Round "3.6"]
[White "Eminov, Orkhan"]
[Black "Gulsoy, Mustafa Alpago"]
[Result "1/2-1/2"]
[ECO "B51"]
[WhiteElo "2272"]
[BlackElo "1978"]
[Annotator "NA"]
[PlyCount "103"]
[EventDate "2018.08.06"]
[EventType "swiss"]
[EventCountry "TUR"]
[SourceTitle "playchess.com"]
[Source "ChessBase"]
[SourceQuality "1"]
[TimeControl "5400+30"]

1. e4 c5 2. Nf3 d6 3. Bb5+ Nd7 4. d4 cxd4 5. Qxd4 a6 6. Bxd7+ Bxd7 7. Bg5 Qc7 8. Nc3 e6 9. O-O f6 10. Bh4 Nh6 11. Rad1 Be7 12. Nd2 b5 13. Kh1 Rd8 14. a3 Nf7 15. f4 Bc6 16. Nf3 e5 17. Qd2 O-O 18. Bf2 Rfe8 19. Nh4 Bf8 20. Nf5 Qb7 21. Rfe1 g6 22. Ne3 Bg7 23. Ned5 f5 24. exf5 gxf5 25. Bh4 Rd7 26. Qf2 Nh6 27. h3 Re6 28. Re3 Rf7 29. Rg3 Kh8 30. Qe2 a5 31. b4 a4 32. Re3 Ng8 33. Qd2 Nf6 34. Bxf6 Bxf6 35. Nxf6 Rfxf6 36. Nd5 Rf8 37. fxe5 dxe5 38. Nf4 Ree8 39. Qc3 Be4 40. Kh2 Rg8 41. g4 Qg7 42. Nh5 Qe7 43. Rd2 Ba8 44. Rde2 Qb7 45. Rxe5 Qh1+ 46. Kg3 Qg1+ 47. Kf4 Qf1+ 48. Kg3 Qg1+ 49. Kf4 Qf1+ 50. Kg3 Qg1+ 51. Kf4 Qf1+ 52. Kg3 1/2-1/2

[Event "26th Troya Open 2018"]
[Site "Canakkale"]
[Date "2018.08.05"]
[Round "3.7"]
[White "Kirilmaz, Emre"]
[Black "Olcum, Ahmet"]
[Result "1/2-1/2"]
[ECO "A48"]
[WhiteElo "1895"]
[BlackElo "2274"]
[Annotator "NA"]
[PlyCount "60"]
[EventDate "2018.08.06"]
[EventType "swiss"]
[EventCountry "TUR"]
[SourceTitle "playchess.com"]
[Source "ChessBase"]
[SourceQuality "1"]
[TimeControl "5400+30"]

1. d4 d6 2. c3 g6 3. Bg5 Bg7 4. e4 Nf6 5. Nd2 Nbd7 6. Ngf3 e5 7. dxe5 dxe5 8. Bc4 O-O 9. O-O c6 10. Qe2 Qc7 11. Rad1 b5 12. Bd3 a6 13. Rfe1 c5 14. c4 b4 15. Nf1 Bb7 16. Qc2 h6 17. Bc1 Ne8 18. Ne3 Nd6 19. Nd2 Rfc8 20. b3 Nf8 21. Nd5 Qd8 22. Bb2 Ne6 23. Nf3 f6 24. Qd2 a5 25. Bb1 Nd4 26. Qe3 Kh7 27. Nxd4 cxd4 28. Qg3 g5 29. h4 Bc6 30. hxg5 fxg5 1/2-1/2

[Event "26th Troya Open 2018"]
[Site "Canakkale"]
[Date "2018.08.05"]
[Round "4.2"]
[White "Mgeladze, Tamaz"]
[Black "Abdulla, Khayala"]
[Result "1/2-1/2"]
[ECO "A29"]
[WhiteElo "2400"]
[BlackElo "2245"]
[Annotator "RC"]
[PlyCount "156"]
[EventDate "2018.08.06"]
[EventType "swiss"]
[EventCountry "TUR"]
[SourceTitle "playchess.com"]
[Source "ChessBase"]
[SourceQuality "1"]
[TimeControl "5400+30"]

1. c4 e5 2. Nc3 Nf6 3. Nf3 Nc6 4. g3 d5 5. cxd5 Nxd5 6. Bg2 Nb6 7. O-O Be7 8. d3 O-O 9. Be3 Be6 10. Rc1 f5 11. a3 Bf6 12. b4 Nd4 13. Bxd4 exd4 14. Na4 Nxa4 15. Qxa4 a6 16. Qc2 c6 17. Rb1 Re8 18. Nd2 Qe7 19. a4 Qf7 20. Rfe1 Re7 21. Nb3 Rae8 22. Nc5 Bd5 23. Bxd5 Qxd5 24. Qb3 Qxb3 25. Rxb3 Be5 26. Rb2 Bd6 27. a5 Bxc5 28. bxc5 Re5 29. Rxb7 Rxc5 30. Rd7 Rd5 31. Rc7 Rxa5 32. Rxc6 Kf7 33. Rd6 Ra4 34. Kf1 Re7 35. Rc1 Ra2 36. Rxd4 Raxe2 37. Ra1 R7e6 38. Rf4 Kf6 39. h4 h5 40. Ra5 g6 41. Rfa4 Rd2 42. Rd4 Kg7 43. Rd7+ Kh6 44. Ra4 Rd1+ 45. Kg2 Rd2 46. Rdd4 Ree2 47. Rf4 Rxd3 48. Rxa6 Rd5 49. Ra7 Rde5 50. Rd4 Re7 51. Ra8 Re8 52. Raa4 Kg7 53. Kf3 Rb2 54. Ra7+ Kf6 55. Rdd7 Rb3+ 56. Kg2 Rb6 57. Rf7+ Ke5 58. Ra5+ Ke6 59. Rg7 Kf6 60. Raa7 Rf8 61. Rh7 Rc6 62. Rhb7 Rd6 63. Kf3 Rd3+ 64. Kf4 Rd4+ 65. Ke3 Re4+ 66. Kf3 Re6 67. Rd7 Rb6 68. Re7 Rb3+ 69. Re3 Rxe3+ 70. fxe3 Re8 71. Ra6+ Kf7 72. Rd6 Kg7 73. Ke2 Ra8 74. Rc6 Ra2+ 75. Kf3 Ra1 76. Rd6 Ra4 77. Rd4 Ra6 78. Kf4 Kf6 1/2-1/2

[Event "26th Troya Open 2018"]
[Site "Canakkale"]
[Date "2018.08.05"]
[Round "4.13"]
[White "Sar, Can"]
[Black "Kurt, Murat"]
[Result "1-0"]
[ECO "B12"]
[WhiteElo "1786"]
[BlackElo "1594"]
[Annotator "NA RC"]
[PlyCount "69"]
[EventDate "2018.08.06"]
[EventType "swiss"]
[EventCountry "TUR"]
[SourceTitle "playchess.com"]
[Source "ChessBase"]
[SourceQuality "1"]
[TimeControl "5400+30"]

1. e4 c6 2. d4 d5 3. e5 Bf5 4. Nf3 e6 5. Be2 Nd7 6. O-O c5 7. Be3 Ne7 8. Nbd2 Nc6 9. c4 Qb6 10. Nb3 dxc4 11. Bxc4 Be7 12. Qe2 Qc7 13. Rac1 a6 14. dxc5 Ndxe5 15. Bf4 Nxf3+ 16. Qxf3 Qc8 17. Bd6 O-O 18. Rfd1 a5 19. Bb5 Re8 20. Bxc6 Bg4 21. Qxg4 Qxc6 22. Bxe7 Rxe7 23. Rd6 Qc7 24. Nd4 Rd8 25. Rxd8+ Qxd8 26. Nb5 Rd7 27. Nc3 Qc8 28. Rd1 Rc7 29. Qd4 Kf8 30. Qd8+ Qxd8 31. Rxd8+ Ke7 32. Rb8 Rxc5 33. Rxb7+ Ke8 34. Kf1 h5 35. Rb5 1-0

[Event "26th Troya Open 2018"]
[Site "Canakkale"]
[Date "2018.08.05"]
[Round "4.14"]
[White "Ulupinar, Furkan"]
[Black "Ileri, Oktay"]
[Result "1/2-1/2"]
[ECO "C30"]
[WhiteElo "1412"]
[BlackElo "1697"]
[Annotator "NA RC"]
[PlyCount "136"]
[EventDate "2018.08.06"]
[EventType "swiss"]
[EventCountry "TUR"]
[SourceTitle "playchess.com"]
[Source "ChessBase"]
[SourceQuality "1"]
[TimeControl "5400+30"]

1. e4 e5 2. f4 Bc5 3. Nf3 d6 4. Nc3 Nf6 5. Bc4 O-O 6. d3 Bg4 7. Na4 Bb6 8. Nxb6 axb6 9. h3 Bxf3 10. Qxf3 Nc6 11. c3 exf4 12. Bxf4 Ne5 13. Bxe5 dxe5 14. g4 c6 15. a3 b5 16. Ba2 Nd7 17. h4 Nc5 18. Rd1 Qe7 19. g5 Rfd8 20. Qg3 Rd6 21. Rf1 Rf8 22. Rf5 Nd7 23. h5 Kh8 24. Ke2 f6 25. Rdf1 Nc5 26. R5f3 Rfd8 27. gxf6 gxf6 28. Rg1 Ne6 29. h6 Ng5 30. Re3 Qd7 31. Rd1 b6 32. Qg2 Qe8 33. Qg4 Qd7 34. Qf5 Qxf5 35. exf5 c5 36. Rg1 c4 37. Rgg3 Nf7 38. Rh3 Kg8 39. Bb1 Kf8 40. Reg3 Ng5 41. Rh1 cxd3+ 42. Rxd3 e4 43. Rxd6 Rxd6 44. Ke3 Rd5 45. Rf1 Re5 46. Rf4 Nf7 47. Rxe4 Rxf5 48. Re8+ Kxe8 49. Bxf5 Nxh6 50. Bxh7 Kd7 51. Kd4 Kc6 52. Be4+ Kd6 53. Bd3 Kc6 54. Be4+ Kd6 55. c4 bxc4 56. Kxc4 Nf7 57. Kb5 Kc7 58. Bf3 Nd6+ 59. Kb4 Nf7 60. a4 Ne5 61. Be4 Nd7 62. Kb5 Ne5 63. b4 Nf7 64. Bf3 Nd6+ 65. Ka6 f5 66. Bd5 f4 67. b5 Nc8 68. Bf3 Nd6 1/2-1/2

[Event "26th Troya Open 2018"]
[Site "Canakkale"]
[Date "2018.08.05"]
[Round "4.16"]
[White "Koc, Azra Ece"]
[Black "Ozkurt, Deniz"]
[Result "1-0"]
[ECO "A48"]
[WhiteElo "1592"]
[BlackElo "1635"]
[Annotator "NA RC"]
[PlyCount "94"]
[EventDate "2018.08.06"]
[EventType "swiss"]
[EventCountry "TUR"]
[SourceTitle "playchess.com"]
[Source "ChessBase"]
[SourceQuality "1"]
[TimeControl "5400+30"]

1. d4 c5 2. c3 g6 3. Nf3 Bg7 4. Bf4 Nf6 5. e3 O-O 6. Nbd2 b6 7. Be2 d6 8. O-O Bb7 9. h3 Nbd7 10. Bh2 Re8 11. Rc1 Ne4 12. Nxe4 Bxe4 13. Qd2 Nf6 14. c4 Bb7 15. dxc5 Ne4 16. Qc2 Nxc5 17. b4 Ne6 18. Rfd1 Qc7 19. Nd4 Nxd4 20. exd4 Rac8 21. Qb3 Qb8 22. Bg4 Rcd8 23. Bf3 Qa8 24. Bxb7 Qxb7 25. Bf4 Qe4 26. Be3 e6 27. c5 bxc5 28. dxc5 dxc5 29. Bxc5 Qb7 30. Qa4 a6 31. Qa5 Rd5 32. Rxd5 exd5 33. a4 Rb8 34. Bd6 Rc8 35. Rxc8+ Qxc8 36. Qxd5 Bh6 37. Qc5 Qe8 38. Qc7 Bf8 39. Bxf8 Kxf8 40. Qc5+ Kg8 41. b5 axb5 42. axb5 Qe1+ 43. Kh2 Qe4 44. b6 Qf4+ 45. g3 Qd2 46. b7 Qb2 47. Qa7 Qc2 1-0

[Event "26th Troya Open 2018"]
[Site "Canakkale"]
[Date "2018.08.05"]
[Round "4.17"]
[White "Ceylan, Arda"]
[Black "Ozturk, Ali"]
[Result "1-0"]
[ECO "E18"]
[WhiteElo "1617"]
[BlackElo "1566"]
[Annotator "NA RC"]
[PlyCount "64"]
[EventDate "2018.08.06"]
[EventType "swiss"]
[EventCountry "TUR"]
[SourceTitle "playchess.com"]
[Source "ChessBase"]
[SourceQuality "1"]
[TimeControl "5400+30"]

1. d4 Nf6 2. Nf3 e6 3. c4 b6 4. g3 Bb7 5. Bg2 Be7 6. O-O O-O 7. Nc3 d5 8. Ne5 Nbd7 9. Qa4 Nxe5 10. dxe5 Ne4 11. Nxe4 dxe4 12. Qc2 Qd4 13. Rd1 Qxe5 14. Bf4 Qc5 15. Rd7 Bd8 16. Bxe4 Bxe4 17. Qxe4 Rc8 18. Rb1 a5 19. Qb7 Bf6 20. Bxc7 Qxc4 21. Qxb6 Qxa2 22. Rbd1 Qxb2 23. Qxa5 Qxe2 24. Bb6 Ra8 25. Qb4 Ra1 26. Rxa1 Bxa1 27. Bc5 Re8 28. Qb7 Qh5 29. Re7 Rd8 30. Rd7 Re8 31. Qc6 Bf6 32. Rd5 h6 1-0

[Event "26th Troya Open 2018"]
[Site "Canakkale"]
[Date "2018.08.05"]
[Round "4.18"]
[White "Gurtekin, Emre"]
[Black "Kurt, Emre"]
[Result "0-1"]
[ECO "D46"]
[WhiteElo "1529"]
[BlackElo "1642"]
[Annotator "NA RC"]
[PlyCount "60"]
[EventDate "2018.08.06"]
[EventType "swiss"]
[EventCountry "TUR"]
[SourceTitle "playchess.com"]
[Source "ChessBase"]
[SourceQuality "1"]
[TimeControl "5400+30"]

1. d4 d5 2. c4 e6 3. Nc3 Nf6 4. e3 c6 5. Nf3 Bd6 6. Bd3 Nbd7 7. O-O a6 8. Re1 dxc4 9. Bxc4 b5 10. Bd3 Bb7 11. e4 e5 12. dxe5 Nxe5 13. Nxe5 Bxe5 14. f4 Bd4+ 15. Be3 Bxe3+ 16. Rxe3 Qd4 17. Kf2 O-O-O 18. Be2 c5 19. Qc2 c4 20. Bf3 Qc5 21. Rae1 Rd3 22. e5 Rhd8 23. R1e2 Rxe3 24. Rxe3 Rd3 25. Qe2 Bxf3 26. Qxf3 Rxe3 27. Qa8+ Kc7 28. Nxb5+ axb5 29. Qa5+ Kd7 30. Qd2+ Rd3+ 0-1

[Event "26th Troya Open 2018"]
[Site "Canakkale"]
[Date "2018.08.05"]
[Round "4.19"]
[White "Bozkurt, Serkan"]
[Black "Yilmaz, Kerem Tuna"]
[Result "1-0"]
[ECO "D11"]
[WhiteElo "1610"]
[BlackElo "1500"]
[Annotator "NA RC"]
[PlyCount "53"]
[EventDate "2018.08.06"]
[EventType "swiss"]
[EventCountry "TUR"]
[SourceTitle "playchess.com"]
[Source "ChessBase"]
[SourceQuality "1"]
[TimeControl "5400+30"]

1. d4 Nf6 2. Nf3 d5 3. g3 Bf5 4. Bg2 e6 5. O-O Bd6 6. c4 c6 7. Qb3 Qc8 8. Nc3 O-O 9. Nh4 Bg6 10. Nxg6 hxg6 11. Bh3 Nbd7 12. Bg5 Qb8 13. Rfe1 Nh7 14. Bd2 f5 15. e4 f4 16. Bxe6+ Kh8 17. e5 Nxe5 18. dxe5 Bxe5 19. Ne2 Ng5 20. Bg4 dxc4 21. Qxc4 fxg3 22. hxg3 b5 23. Qc2 Nf3+ 24. Bxf3 Rxf3 25. Kg2 Qf8 26. Nf4 Bxf4 27. Bxf4 1-0

[Event "26th Troya Open 2018"]
[Site "Canakkale"]
[Date "2018.08.05"]
[Round "4.20"]
[White "Zaimov, Berk"]
[Black "Erke, Mustafa Yigit"]
[Result "0-1"]
[ECO "C24"]
[WhiteElo "1439"]
[BlackElo "1599"]
[Annotator "NA RC"]
[PlyCount "60"]
[EventDate "2018.08.06"]
[EventType "swiss"]
[EventCountry "TUR"]
[SourceTitle "playchess.com"]
[Source "ChessBase"]
[SourceQuality "1"]
[TimeControl "5400+30"]

1. e4 e5 2. Nf3 Nc6 3. Bc4 Nf6 4. d3 d5 5. Bxd5 Nxd5 6. exd5 Qxd5 7. h3 e4 8. Qe2 Bf5 9. Nbd2 Bb4 10. dxe4 Qxe4 11. Qxe4+ Bxe4 12. c3 Bd3 13. cxb4 Nxb4 14. Nd4 O-O-O 15. a3 Rhe8+ 16. Kd1 Na6 17. N4f3 Re2 18. Ne1 Rxf2 19. Nxd3 Rxd3 20. Rg1 Rg3 21. Ne4 Rfxg2 22. Rxg2 Rxg2 23. Bd2 f5 24. Nc3 Nc5 25. Kc2 Rxd2+ 26. Kxd2 Nb3+ 27. Kd3 Nxa1 28. Nd5 Nb3 29. Ne7+ Kd7 30. Nxf5 Nc5+ 0-1

[Event "26th Troya Open 2018"]
[Site "Canakkale"]
[Date "2018.08.05"]
[Round "4.21"]
[White "Yilmaz, Kayra"]
[Black "Kocakaplan, Emre"]
[Result "1/2-1/2"]
[ECO "B20"]
[WhiteElo "1485"]
[BlackElo "1591"]
[Annotator "NA RC"]
[PlyCount "116"]
[EventDate "2018.08.06"]
[EventType "swiss"]
[EventCountry "TUR"]
[SourceTitle "playchess.com"]
[Source "ChessBase"]
[SourceQuality "1"]
[TimeControl "5400+30"]

1. e4 c5 2. Nf3 Nc6 3. Bc4 e6 4. Nc3 a6 5. a4 Qc7 6. O-O Nf6 7. d3 Be7 8. Be3 d6 9. Nd2 O-O 10. f4 Rd8 11. Ba2 d5 12. e5 Nd7 13. Ne2 b5 14. Ng3 Bb7 15. Qg4 Kh8 16. Nf3 Nd4 17. Bxd4 cxd4 18. f5 Nxe5 19. Nxe5 Qxe5 20. Rae1 Qc7 21. fxe6 f6 22. Nf5 Rg8 23. Rf3 Bb4 24. Re2 Bd6 25. Rh3 g6 26. Nh6 Rg7 27. Qh4 Be5 28. Nf7+ Rxf7 29. exf7 Qxf7 30. Rf3 Qg7 31. c3 dxc3 32. d4 g5 33. Qf2 Bf4 34. g3 Bd2 35. bxc3 g4 36. Rf5 Bxc3 37. Rxf6 Rc8 38. Rc2 b4 39. Kh1 Bc6 40. Bb3 Qe7 41. Kg2 Qe4+ 42. Kf1 Bxd4 43. Rf8+ Kg7 44. Qf7+ Kh6 45. Rxc8 Qh1+ 46. Ke2 Qe4+ 47. Kd1 Qd3+ 48. Kc1 Qe3+ 49. Kb1 Qxb3+ 50. Kc1 Qe3+ 51. Kd1 Qg1+ 52. Ke2 Qe3+ 53. Kd1 Qg1+ 54. Ke2 Qe3+ 55. Kd1 Qg1+ 56. Ke2 Qe3+ 57. Kd1 Qg1+ 58. Ke2 Qe3+ 1/2-1/2

[Event "26th Troya Open 2018"]
[Site "Canakkale"]
[Date "2018.08.08"]
[Round "5.1"]
[White "Mgeladze, Tamaz"]
[Black "Arat, Ufuk Sezen"]
[Result "1/2-1/2"]
[ECO "A30"]
[WhiteElo "2400"]
[BlackElo "2386"]
[Annotator "NA"]
[PlyCount "43"]
[EventDate "2018.08.06"]
[EventType "swiss"]
[EventCountry "TUR"]
[SourceTitle "playchess.com"]
[Source "ChessBase"]
[SourceQuality "1"]
[TimeControl "5400+30"]

1. c4 b6 2. Nf3 Bb7 3. g3 c5 4. Bg2 Nf6 5. Nc3 g6 6. O-O Bg7 7. d3 O-O 8. Bd2 Nc6 9. a3 d5 10. cxd5 Nxd5 11. Rc1 Rc8 12. Qa4 e6 13. Rfe1 a6 14. Bg5 Qd7 15. Qh4 Nd4 16. Nxd4 Bxd4 17. Nxd5 Bxd5 18. Bf6 Bxg2 19. Kxg2 Qd5+ 20. Kg1 Bxf6 21. Qxf6 Qd4 22. Qxd4 1/2-1/2

[Event "26th Troya Open 2018"]
[Site "Canakkale"]
[Date "2018.08.08"]
[Round "5.2"]
[White "Abdulla, Khayala"]
[Black "Benidze, Davit"]
[Result "0-1"]
[ECO "B15"]
[WhiteElo "2245"]
[BlackElo "2488"]
[Annotator "ChessBase"]
[PlyCount "96"]
[EventDate "2018.08.06"]
[EventType "swiss"]
[EventCountry "TUR"]
[SourceTitle "playchess.com"]
[Source "ChessBase"]
[SourceQuality "1"]
[TimeControl "5400+30"]

1. e4 c6 2. d4 g6 3. Nc3 d5 4. e5 Bg7 5. f4 Nh6 6. Nf3 Bg4 7. Bd3 O-O 8. O-O f6 9. h3 Bxf3 10. Rxf3 fxe5 11. fxe5 Nd7 12. Rxf8+ Nxf8 13. Be3 c5 14. dxc5 Nf7 15. Ne2 Nxe5 16. c3 Ne6 17. Nf4 Nxf4 18. Bxf4 Qc7 19. b4 Rf8 20. Bh2 Qd7 21. Qd2 d4 22. Bxe5 Bxe5 23. Bc4+ Kg7 24. Rd1 Rf4 25. Qe2 Qf5 26. Bd3 Qg5 27. Re1 Bf6 28. c4 Qg3 29. Rf1 Rxf1+ 30. Kxf1 Qf4+ 31. Kg1 Qc1+ 32. Kf2 Qa3 33. Qd2 a5 34. b5 Qxc5 35. Qxa5 Bh4+ 36. g3 Qg5 37. gxh4 Qe3+ 38. Kg2 Qxd3 39. Qe1 Kf6 40. Qf1+ Qxf1+ 41. Kxf1 Ke5 42. b6 d3 43. a4 Kd4 44. a5 Kc3 45. a6 d2 46. a7 d1=Q+ 47. Kf2 Qd8 48. c5 Kd4 0-1

[Event "26th Troya Open 2018"]
[Site "Canakkale"]
[Date "2018.08.08"]
[Round "5.4"]
[White "Eminov, Orkhan"]
[Black "Olcum, Ahmet"]
[Result "1-0"]
[ECO "B07"]
[WhiteElo "2272"]
[BlackElo "2274"]
[Annotator "NA"]
[PlyCount "47"]
[EventDate "2018.08.06"]
[EventType "swiss"]
[EventCountry "TUR"]
[SourceTitle "playchess.com"]
[Source "ChessBase"]
[SourceQuality "1"]
[TimeControl "5400+30"]

1. e4 d6 2. d4 Nf6 3. Nc3 e5 4. Nge2 Be7 5. g3 c6 6. a4 Na6 7. Bg2 Nb4 8. h3 O-O 9. Be3 exd4 10. Nxd4 d5 11. e5 Nd7 12. e6 Nf6 13. exf7+ Rxf7 14. Nb3 Bf5 15. Rc1 c5 16. Nxc5 Bxc5 17. Bxc5 Nxc2+ 18. Rxc2 Bxc2 19. Qxc2 d4 20. Nb5 Rc8 21. Qf5 Qa5+ 22. Kf1 Re8 23. Bf3 Ne4 24. Qd5 1-0

[Event "26th Troya Open 2018"]
[Site "Canakkale"]
[Date "2018.08.08"]
[Round "5.10"]
[White "Albayrak, Kerem"]
[Black "Lomsadze, Davit"]
[Result "0-1"]
[ECO "A33"]
[WhiteElo "1901"]
[BlackElo "2352"]
[Annotator "NA"]
[PlyCount "52"]
[EventDate "2018.08.06"]
[EventType "swiss"]
[EventCountry "TUR"]
[SourceTitle "playchess.com"]
[Source "ChessBase"]
[SourceQuality "1"]
[TimeControl "5400+30"]

1. d4 Nf6 2. Nf3 c5 3. c4 cxd4 4. Nxd4 Nc6 5. Nc3 e6 6. g3 Bc5 7. Nb3 Be7 8. Bg2 O-O 9. O-O b6 10. e4 Ba6 11. Nd2 Rc8 12. b3 Ne5 13. Qe2 d6 14. Bb2 Nc6 15. Rfe1 Nd7 16. Nd5 exd5 17. exd5 Nce5 18. f4 Ng6 19. h4 Re8 20. Bh3 Bf6 21. Ne4 Rxe4 22. Qxe4 Bxb2 23. Rab1 Bf6 24. h5 Ngf8 25. Qf3 b5 26. cxb5 Qb6+ 0-1

[Event "26th Troya Open 2018"]
[Site "Canakkale"]
[Date "2018.08.08"]
[Round "5.12"]
[White "Kocak, Can"]
[Black "Ozen, Bahadir"]
[Result "0-1"]
[ECO "B08"]
[WhiteElo "2001"]
[BlackElo "2302"]
[Annotator "NA"]
[PlyCount "80"]
[EventDate "2018.08.06"]
[EventType "swiss"]
[EventCountry "TUR"]
[SourceTitle "playchess.com"]
[Source "ChessBase"]
[SourceQuality "1"]
[TimeControl "5400+30"]

1. e4 g6 2. d4 Bg7 3. Nc3 d6 4. Be3 a6 5. a4 Nf6 6. h3 O-O 7. Nf3 Nc6 8. Be2 e5 9. O-O exd4 10. Nxd4 Bd7 11. f4 Nxe4 12. Nxe4 Re8 13. Nxc6 Bxc6 14. Nxd6 Qxd6 15. Bc1 Qb4 16. Kh1 Bxb2 17. Rb1 Qe7 18. Bd3 Bxc1 19. Qxc1 Qe3 20. Kh2 Qxc1 21. Rfxc1 Rad8 22. Rb4 Re3 23. Rf1 f6 24. Rf2 Kg7 25. Kg1 Rd5 26. Rf1 Ra5 27. Kf2 Re7 28. Ra1 b5 29. Ra3 Be8 30. Rc3 bxa4 31. Ra3 Rc5 32. Rb7 g5 33. fxg5 fxg5 34. Ra7 Re6 35. Ra2 Bb5 36. Kf3 h5 37. g3 Kh6 38. Kf2 Kg7 39. Ra8 Rce5 40. Ra7 Rf6+ 0-1

[Event "26th Troya Open 2018"]
[Site "Canakkale"]
[Date "2018.08.08"]
[Round "5.13"]
[White "Erke, Mustafa Yigit"]
[Black "Sar, Can"]
[Result "1/2-1/2"]
[ECO "B27"]
[WhiteElo "1599"]
[BlackElo "1786"]
[Annotator "NA"]
[PlyCount "111"]
[EventDate "2018.08.06"]
[EventType "swiss"]
[EventCountry "TUR"]
[SourceTitle "playchess.com"]
[Source "ChessBase"]
[SourceQuality "1"]
[TimeControl "5400+30"]

1. e4 c5 2. Nf3 g6 3. d4 cxd4 4. Qxd4 Nf6 5. e5 Nc6 6. Qh4 Nxe5 7. Nxe5 Qa5+ 8. Nc3 Qxe5+ 9. Be2 Bg7 10. Nb5 O-O 11. Bf4 Qxb2 12. O-O Nd5 13. Bh6 Bxh6 14. Qxh6 a6 15. Rab1 Qg7 16. Qd2 axb5 17. Qxd5 e6 18. Qb3 b4 19. Qxb4 Rxa2 20. Bf3 Rxc2 21. Rfc1 Rxc1+ 22. Rxc1 d5 23. g3 Rd8 24. Qc5 Qf8 25. Qc7 b5 26. Rc6 b4 27. Rb6 Rd7 28. Qb8 Rd8 29. Rxb4 Qd6 30. Be2 Qxb8 31. Rxb8 Rf8 32. Bb5 e5 33. Rb6 Bf5 34. Rd6 Be6 35. Bc6 Rc8 36. f4 exf4 37. gxf4 Kf8 38. Bb7 Rc4 39. Rd8+ Ke7 40. Rh8 Rxf4 41. Rxh7 Rb4 42. Ba6 d4 43. Bd3 Kf6 44. Rh4 g5 45. Rh6+ Ke5 46. Rh5 Kf4 47. h4 Rb3 48. Ba6 g4 49. Ra5 Kg3 50. h5 Rb1+ 51. Bf1 Bc4 52. Rf5 Bxf1 53. Rxf1 Rb5 54. h6 Rh5 55. Rf6 d3 56. Rxf7 1/2-1/2

[Event "26th Troya Open 2018"]
[Site "Canakkale"]
[Date "2018.08.08"]
[Round "5.17"]
[White "Istekli, Erdem"]
[Black "Koc, Azra Ece"]
[Result "1/2-1/2"]
[ECO "B11"]
[WhiteElo "1713"]
[BlackElo "1592"]
[Annotator "NA"]
[PlyCount "80"]
[EventDate "2018.08.06"]
[EventType "swiss"]
[EventCountry "TUR"]
[SourceTitle "playchess.com"]
[Source "ChessBase"]
[SourceQuality "1"]
[TimeControl "5400+30"]

1. e4 c6 2. Nc3 d5 3. Nf3 dxe4 4. Nxe4 Bf5 5. Ng3 Bg6 6. h4 h6 7. Ne5 Qd6 8. d4 Nd7 9. Nxg6 Qxg6 10. Be3 Qd6 11. Qd2 Nb6 12. c4 Qd8 13. Ne4 e6 14. Be2 Be7 15. h5 Nf6 16. Nc3 Rc8 17. O-O-O Bb4 18. Qc2 Qc7 19. Ne4 Nbd7 20. a3 Be7 21. Nc3 a6 22. f4 c5 23. d5 exd5 24. Nxd5 Nxd5 25. Rxd5 Nf6 26. Rdd1 Bd6 27. Qa4+ Kf8 28. g3 Re8 29. Qb3 Ne4 30. Rhg1 Nf6 31. Bf3 b6 32. Qd3 Rd8 33. Qf5 Ng8 34. g4 Ne7 35. Qe4 Re8 36. Qb7 Bxf4 37. Bxf4 Qxf4+ 38. Kb1 Qxc4 39. Rd7 Qe6 40. Rf1 f6 1/2-1/2